[Event "Wuerttemberg Rapid Teams 2024"]
[Site "B?blingen, Germany"]
[Date "2024.04.13"]
[Round "9.31"]
[White "Schmid, Tim"]
[Black "Schraegle, Thorsten"]
[Result "1-0"]
[ECO "C42"]
[WhiteElo "1765"]
[BlackElo "1918"]
[Annotator "TA"]
[PlyCount "81"]
[EventDate "2024.04.13"]
[EventType "team-tourn"]
[SourceTitle "playchess.com"]
[Source "ChessBase"]
[SourceQuality "1"]
[TimeControl "900+5"]

1. e4 e5 2. Nf3 Nf6 3. Nxe5 d6 4. Nf3 Nxe4 5. d4 d5 6. Bd3 Bd6 7. O-O O-O 8. c4 c6 9. Nc3 Nxc3 10. bxc3 dxc4 11. Bxc4 Bf5 12. Bg5 Qa5 13. d5 {[%emt 0:00:02] [#] Black must now prevent dxc6.} Qxc3 14. Rc1 {[%emt 0:00:11] White is slightly better.} Qa3 (14... Qb4 $142) 15. Nd4 $16 Be4 (15... Bg6 $16 {keeps fighting.}) 16. dxc6 Bxc6 (16... Nxc6 $2 17. Nb5 Qc5 18. Nxd6 $18 (18. Qxd6 Qxg5 19. Qg3 Qxg3 $17)) 17. Nf5 $36 {[%emt 0:01:05][%cal Od1d4][%mdl 2048] White wants to mate with Qd4! Keeping Black busy.} Bb4 $2 {[%emt 0:03:59] [#]} (17... Qa5 $18 18. Qd3 Bc7) 18. Qg4 (18. Qd4 $142 Bc3 19. Rxc3 Qxc3 20. Qxc3 Kh8 21. Qxg7#) 18... g6 (18... Qb2 $18 19. Rb1 (19. Nh6+ Kh8 $18) 19... Qe5 20. Rxb4 (20. Nh6+ Kh8 $18) 20... Bd7) 19. Bf6 (19. Qd4 $142 gxf5 20. Bh6 Bc3 21. Rxc3 (21. Qxc3 Qxc3 22. Rxc3 f4 $18) 21... Qxc3 22. Qxc3 Re8 23. Qg7#) 19... Re8 20. Nh6+ Kf8 21. Bxf7 Nd7 22. Bxe8 Nxf6 23. Qf4 (23. Qe6 $142 Bd5 24. Qxf6+ Kxe8 25. Qe5+ Be7 26. Qxd5 Qd6 27. Qg8+ (27. Qxb7 Rb8 $18) 27... Kd7 28. Qxa8) 23... Kg7 $18 24. Bxc6 bxc6 25. Rxc6 Rf8 26. Rc7+ Kh8 27. Rd1 (27. Nf7+ $142 Rxf7 28. Rxf7 Be7 29. Qh6 (29. Rxf6 a5 30. Rf7 Kg8 31. Qc4 Qc3 32. Qe6 Bf8 33. Rf3+ Kh8 34. Rxc3 Kg7) 29... Bf8 30. Rxf8+ (30. Qxf8+ Qxf8 31. Rxf8+ Kg7 $18) 30... Ng8 31. Qf4 Qe7 32. Rf7 (32. Qd4+ Qg7 $18)) 27... Qb2 28. Qd4 Qxd4 29. Rxd4 Ba5 30. Rf7 Re8 31. g3 (31. Rxf6 $2 Re1#) 31... Bc3 32. Ra4 a5 33. Rc4 {[%emt 0:00:06] Against Rc8} Nd5 34. Rc6 {[%emt 0:00:13] Hoping for Rc5.} Bd2 35. Ng4 Rd8 36. Ra6 (36. Rcc7 $142 Re8 37. f4 (37. Rxh7+ Kg8 $18) 37... Be3+ 38. Kg2 Bxf4 39. gxf4 (39. Rxh7+ Kg8 $18) 39... Re2+ 40. Kg1 Re1+ 41. Kf2) 36... Nb4 37. Raa7 {[%emt 0:00:02] White mates.} Bc3 38. Rxh7+ Kg8 39. Nh6+ Kf8 40. Rhf7+ Ke8 41. Rae7# {[%emt 0:00:02] Black did not feel at home in the position after the opening.   Weighted Error Value: White=0.93/Black=1.62.  Mistake:       	White=1     	Black=4      Inaccurate:     	White=1     	Black=4      OK:         	White=4     	Black=2      Best:        	White=1     	---} 1-0

[Event "Wuerttemberg Rapid Teams 2024"]
[Site "B?blingen, Germany"]
[Date "2024.04.13"]
[Round "9.35"]
[White "Hadziselimovic, Adnan"]
[Black "Vrabac, Branko"]
[Result "1-0"]
[ECO "A30"]
[WhiteElo "2053"]
[BlackElo "1932"]
[Annotator "NA RC"]
[PlyCount "68"]
[EventDate "2024.04.13"]
[EventType "team-tourn"]
[SourceTitle "playchess.com"]
[Source "ChessBase"]
[SourceQuality "1"]
[TimeControl "900+5"]

1. c4 b6 2. Nf3 Bb7 3. g3 c5 4. Bg2 Nf6 5. O-O g6 6. Nc3 Bg7 7. d3 O-O 8. Bd2 Nc6 9. Qc1 Qc7 10. Bh6 a6 11. Bxg7 Kxg7 12. a3 Rfd8 13. Rb1 Rab8 14. b4 cxb4 15. axb4 d6 16. Qb2 Kg8 17. Qd2 a5 18. bxa5 bxa5 19. Qh6 Ng4 20. Qf4 h5 21. h3 Nf6 22. Qh6 Nh7 23. Nh4 Ne5 24. Nd5 Bxd5 25. Bxd5 e6 26. Be4 f5 27. f4 fxe4 28. fxe5 Qg7 29. Qxg7+ Kxg7 30. Rxb8 Rxb8 31. exd6 exd3 32. exd3 Nf6 33. Nf3 a4 34. Nd4 e5 1-0

[Event "Wuerttemberg Rapid Teams 2024"]
[Site "B?blingen, Germany"]
[Date "2024.04.13"]
[Round "9.36"]
[White "Ameln, Till"]
[Black "Valchev, Martin V"]
[Result "0-1"]
[ECO "A48"]
[WhiteElo "1887"]
[BlackElo "1529"]
[Annotator "NA RC COMBH"]
[PlyCount "64"]
[EventDate "2024.04.13"]
[EventType "team-tourn"]
[SourceTitle "playchess.com"]
[Source "ChessBase"]
[SourceQuality "1"]
[TimeControl "900+5"]

1. d4 d6 2. Bf4 Nf6 3. Nf3 g6 4. Nc3 Bg7 5. Qd2 h5 6. e4 c6 7. O-O-O Bg4 8. Be2 Nbd7 9. e5 Nd5 10. Nxd5 cxd5 11. exd6 e6 12. Bb5 Bxf3 13. gxf3 a6 14. Bxd7+ Kxd7 15. Qb4 b5 16. Rd3 Qb6 17. a4 Rhc8 18. a5 Rc4 19. Qa3 Qd8 20. Be3 Rac8 21. c3 Qf6 22. f4 Ra4 23. Qb3 Ra1+ 24. Kd2 Rxh1 25. Qa3 Bh6 26. c4 dxc4 27. Rc3 Rxh2 28. b3 Bxf4 29. Ke2 Bxe3 30. Kxe3 Qxf2+ 31. Ke4 Rh4+ 32. Ke5 Qxd4# 0-1

[Event "Wuerttemberg Rapid Teams 2024"]
[Site "B?blingen, Germany"]
[Date "2024.04.13"]
[Round "9.40"]
[White "Gillam, Simon R"]
[Black "Merkel, Philip"]
[Result "0-1"]
[ECO "D10"]
[WhiteElo "2235"]
[BlackElo "1726"]
[Annotator "RC"]
[PlyCount "96"]
[EventDate "2024.04.13"]
[EventType "team-tourn"]
[SourceTitle "playchess.com"]
[Source "ChessBase"]
[SourceQuality "1"]
[TimeControl "900+5"]

1. c4 c6 2. Nc3 d5 3. cxd5 cxd5 4. d4 Nc6 5. g3 Bf5 6. Bg2 e6 7. e4 dxe4 8. Nxe4 Qxd4 9. Qxd4 Nxd4 10. Rb1 Bb4+ 11. Bd2 Bxd2+ 12. Kxd2 O-O-O 13. Rc1+ Nc6+ 14. Ke2 Nge7 15. Ng5 Bd3+ 16. Ke3 Nf5+ 17. Kf4 Rd4+ 18. Be4 Nd6 19. Re1 f5 20. N1f3 e5+ 21. Nxe5 Nxe5 22. Kxe5 Bxe4 23. Nxe4 Rxe4+ 24. Kxd6 Rd8+ 25. Kc5 b6+ 26. Kb5 Rd5+ 27. Kc6 Rc5+ 28. Kd6 Rd4+ 29. Ke6 Kc7 30. Re5 Rd6+ 31. Kxf5 Rf6+ 32. Ke4 Rxe5+ 33. Kxe5 Rxf2 34. Ke6 Rxb2 35. Rc1+ Kb7 36. Rh1 Rxa2 37. Kf7 Rc2 38. Kxg7 Rc7+ 39. Kh6 a5 40. g4 a4 41. g5 b5 42. g6 hxg6 43. Kxg6 a3 44. h4 b4 45. h5 b3 46. h6 b2 47. h7 Rxh7 48. Kxh7 a2 0-1